 Dungeon Crawl Stone Soup version 0.29.1-2-gbd0b4ee654 (webtiles) character file.

Game seed: 7951491403488695062

3090 cdecastro the Arsonist (level 9, -8/74 HPs)
             Began as an Ogre Fire Elementalist on Nov 21, 2022.
             Was a Follower of Vehumet.
             Mangled by a two-headed ogre
             ... wielding a +0 giant spiked club
              (37 damage)
             ... on level 8 of the Dungeon.
             The game lasted 00:16:19 (9201 turns).

cdecastro the Arsonist (Ogre Fire Elementalist)     Turns: 9201, Time: 00:16:20

Health: -8/74      AC:  8    Str: 14    XL:     9   Next: 89%
Magic:  19/29      EV:  9    Int: 20    God:    Vehumet [*.....]
Gold:   293        SH:  0    Dex:  9    Spells: 10/23 levels left

rFire   . . .      SeeInvis .   I - +5 long sword (freeze)
rCold   . . .      Faith    .   (no shield)
rNeg    . . .      Spirit   .   y - +2 robe {Archmagi}
rPois   +          Reflect  .   (helmet restricted)
rElec   .          Harm     .   A - +2 cloak
rCorr   .          Rampage  .   (gloves unavailable)
Will    .....      Archmagi +   (boots unavailable)
Stlth   +.........              (no amulet)
HPRegen 0.22/turn               j - ring of magical power
MPRegen 0.21/turn               a - ring of poison resistance

@: no status effects
A: large, unfitting armour, tough skin 1
a: Renounce Religion


You were on level 8 of the Dungeon.
You worshipped Vehumet.
Vehumet was aware of your devotion.
You visited 2 branches of the dungeon, and saw 9 of its levels.

You collected 466 gold pieces.
You spent 173 gold pieces at shops.

Inventory:

Hand Weapons
 g - a +0 short sword
 B - a +4 quarterstaff of chaos
 G - a +1 spear of venom
 I - a +5 long sword of freezing (weapon)
Missiles
 h - 20 poisoned darts
 H - 5 boomerangs
Armour
 y - a +2 robe of the Archmagi (worn)
 A - a +2 cloak (worn)
Magical Staves
 v - a staff of cold
Jewellery
 a - a ring of poison resistance (right hand)
 j - a ring of magical power (left hand)
 k - a ring of resist corrosion
Wands
 w - a wand of light (4)
 D - a wand of paralysis (12)
Scrolls
 c - 3 scrolls of fear {unknown}
 d - 14 scrolls of identify {unknown}
 e - 2 scrolls of butterflies {unknown}
 l - 3 scrolls of amnesia {unknown}
 m - 4 scrolls of teleportation {unknown}
 p - a scroll of vulnerability {unknown}
 q - 2 scrolls of enchant weapon {unknown}
 r - 2 scrolls of magic mapping {unknown}
 u - 2 scrolls of blinking {unknown}
 x - a scroll of summoning {unknown}
 C - 4 scrolls of poison {unknown}
Potions
 b - 2 potions of magic
 f - 4 potions of flight {unknown}
 i - 3 potions of heal wounds {unknown}
 n - 3 potions of brilliance {unknown}
 o - 2 potions of attraction {unknown}
 s - a potion of cancellation {unknown}
 t - 4 potions of curing
 z - 2 potions of mutation {unknown}
 E - a potion of invisibility {unknown}
 F - 2 potions of lignification {unknown}


   Skills:
 - Level 1.7 Dodging
 - Level 1.4 Stealth
 + Level 7.6 Spellcasting
 - Level 5.0 Conjurations
 - Level 10.0 Fire Magic


You had 10 spell levels left.
You knew the following spells:

 Your Spells              Type           Power      Damage    Failure   Level
a - Foxfire               Conj/Fire      100%       2x1d9     1%          1
b - Scorch                Fire           100%       2d10      1%          2
c - Conjure Flame         Conj/Fire      54%        6-21      1%          3
d - Inner Flame           Hex/Fire       41%        N/A       3%          3
e - Flame Wave            Conj/Fire      54%        2d13      4%          4

Your spell library contained the following spells:

 Spells                   Type           Power      Damage    Failure   Level
 Shock                    Conj/Air       100%       1d9       3%          1
 Ensorcelled Hibernation  Hex/Ice        22%        N/A       14%         2
 Passwall                 Tmut/Erth      9%         N/A       14%         2
 Gell's Gravitas          Tloc           11%        N/A       26%         3
 Lesser Beckoning         Tloc           11%        N/A       26%         3
 Ozocubu's Armour         Ice            11%        N/A       26%         3
 Spider Form              Tmut/Pois      11%        N/A       26%         3
 Swiftness                Air            11%        N/A       26%         3
 Teleport Other           Tloc           11%        N/A       26%         3
 Anguish                  Hex/Necr       5%         N/A       65%         4
 Metabolic Englaciation   Hex/Ice        5%         N/A       94%         5
 Simulacrum               Ice/Necr       5%         N/A       100%        6


Dungeon Overview and Level Annotations

Branches:
Dungeon (8/15)             Temple (1/1) D:6
   Lair: D:8-11

Altars:
Ashenzari
Cheibriados
Dithmenos
Fedhas
Gozag
Kikubaaqudgha
Makhleb
Nemelex Xobeh
Okawaru
Qazlal
Ru
Sif Muna
Trog
Uskayaw
Vehumet
Yredelemnul
The Shining One

Shops:
D:2 *   D:8 *

Annotations:
D:7 5 runed translucent doors
D:8 shop need rf


Innate Abilities, Weirdness & Mutations

You are too large for most types of armour.
You have tough skin. (AC +1)


Message History

There is an open door here.
A two-headed ogre is nearby!
A two-headed ogre is nearby!
A two-headed ogre is nearby!
A two-headed ogre is nearby!
Casting: Scorch (safe; 1% risk of failure)
Confirm with . or Enter, or press ? or * to list all spells.
You feel a surge of power!
The fire begins to smoulder!
The two-headed ogre shouts in stereo!
Unknown command.
Casting: Conjure Flame (safe; 1% risk of failure)
Confirm with . or Enter, or press ? or * to list all spells.
You feel a surge of power!
Flames lash the two-headed ogre.
The two-headed ogre is lightly wounded.
The two-headed ogre's fire resistance burns away.
The two-headed ogre hits you with a +0 giant spiked club!!
The two-headed ogre hits you but does no damage.
You smother the flame.
Casting: Scorch (safe; 1% risk of failure)
Confirm with . or Enter, or press ? or * to list all spells.
You feel a surge of power!
Flames lash the two-headed ogre.
The two-headed ogre is burned terribly!
The two-headed ogre is lightly wounded.
Unknown command.
Casting: Scorch (safe; 1% risk of failure)
Confirm with . or Enter, or press ? or * to list all spells.
You feel a surge of power!
Flames lash the two-headed ogre.
The two-headed ogre is burned terribly!
The two-headed ogre is heavily wounded.
The two-headed ogre hits you with a +0 giant spiked club!!
* * * LOW HITPOINT WARNING * * *
The two-headed ogre closely misses you.
Casting: Scorch (safe; 1% risk of failure)
Confirm with . or Enter, or press ? or * to list all spells.
You feel a surge of power!
Flames lash the two-headed ogre.
The two-headed ogre is burned terribly!
The two-headed ogre is almost dead.
The two-headed ogre hits you with a +0 giant spiked club!!!
Ouch! That really hurt!
You die...

##+..#...#.###
#.......[#.#..
#........#.#..
#.............
#.......##.#..
#.......##.#.. #
####.#.##.##.#..
#.###.###....#.##.##.#..
#.....O@'....#.##.##.###
#.#######....#.##[ ... .
#....#.. #.... #######.
#>... . #.## .


You could see a two-headed ogre (combustible).

Vanquished Creatures
  A gargoyle (D:6)
  Prince Ribbit (D:5)
  Sigmund (D:3)
  Duvessa (D:7)
  An acid dragon (D:7)
  2 water moccasins
  An orc warrior (D:7)
  2 ice beasts
  A centaur (D:7)
  A phantom (D:4)
  A necrophage (D:6)
  Blork the orc (D:6)
  2 gnoll sergeants
  4 wights (D:7)
  Dowan (D:7)
  2 jellies
  4 hounds
  Crazy Yiuf (D:3)
  4 orc priests
  A gnoll bouda (D:7)
  Ijyb (D:3)
  Terence (D:2)
  Natasha (thrice) (D:3)
  4 iguanas
  5 orc wizards
  17 gnolls
  13 adders
  3 shadow imps
  A white imp (D:6)
  An ufetubus (D:5)
  5 dart slugs
  8 orcs
  5 bats
  2 endoplasms
  3 giant cockroaches
  8 goblins
  6 hobgoblins
  11 kobolds
  4 quokkas
  20 ball pythons
  6 frilled lizards
  8 rats
168 creatures vanquished.

Vanquished Creatures (others)
  76 foxfires
  A plant (D:3)
77 creatures vanquished.

Grand Total: 245 creatures vanquished

Notes
Turn   | Place    | Note
-------+----------+-------------------------------------------
     0 | D:1      | cdecastro the Ogre Fire Elementalist began the quest for
                  | the Orb.
     0 | D:1      | Reached XP level 1. HP: 16/16 MP: 3/3
   145 | D:1      | Reached skill level 3 in Fire Magic
   230 | D:1      | Reached XP level 2. HP: 21/24 MP: 1/5
   349 | D:1      | Learned a level 2 spell: Scorch
   793 | D:1      | Reached XP level 3. HP: 31/31 MP: 4/6
  1431 | D:2      | Reached skill level 4 in Fire Magic
  1571 | D:2      | Reached XP level 4. HP: 39/39 MP: 1/7
  1722 | D:2      | Noticed Terence
  1730 | D:2      | Killed Terence
  2100 | D:2      | Found Orodd's Assorted Antiques.
  2111 | D:2      | Bought a scroll labelled AGEADICRATI for 23 gold pieces
  2111 | D:2      | Bought a fizzy yellow potion for 20 gold pieces
  2111 | D:2      | Bought a fizzy orange potion for 20 gold pieces
  2111 | D:2      | Bought a scroll labelled MAOTTA CECVIUSKO for 23 gold
                  | pieces
  2111 | D:2      | Bought a scroll labelled QEHELU MEGOA for 23 gold pieces
  2111 | D:2      | Bought a scroll labelled TUN FEAMPORGH for 23 gold pieces
  2299 | D:2      | Reached skill level 5 in Fire Magic
  2371 | D:2      | Reached XP level 5. HP: 45/45 MP: 8/8
  2807 | D:2      | Bought 2 gluggy clear potions for 41 gold pieces
  2864 | D:3      | Noticed Natasha
  2952 | D:3      | Killed Natasha
  3151 | D:3      | Noticed Ijyb
  3157 | D:3      | Killed Ijyb
  3158 | D:3      | Reached skill level 6 in Fire Magic
  3158 | D:3      | Reached XP level 6. HP: 50/53 MP: 9/9
  3241 | D:3      | Noticed Natasha
  3247 | D:3      | Killed Natasha
  3336 | D:3      | Noticed Sigmund
  3459 | D:3      | Killed Sigmund
  3505 | D:3      | Found a runed translucent door.
  3506 | D:3      | Noticed Crazy Yiuf
  3564 | D:3      | Noticed an ice beast
  3597 | D:3      | Killed an ice beast
  3598 | D:3      | Reached skill level 7 in Fire Magic
  3598 | D:3      | Reached XP level 7. HP: 59/59 MP: 10/10
  3716 | D:3      | Noticed Natasha
  3720 | D:3      | Killed Natasha
  4041 | D:3      | Killed Crazy Yiuf
  4272 | D:4      | Reached skill level 8 in Fire Magic
  4272 | D:4      | Reached skill level 1 in Conjurations
  4592 | D:4      | Found a burning altar of Makhleb.
  4756 | D:4      | Found a hide-covered altar of Uskayaw.
  5101 | D:5      | Entered Level 5 of the Dungeon
  5106 | D:5      | Reached XP level 8. HP: 67/67 MP: 11/11
  5319 | D:5      | You fall into a shaft and drop 2 floors!
  5455 | D:5      | Reached skill level 9 in Fire Magic
  6052 | D:6      | Noticed Blork the orc
  6057 | D:6      | Killed Blork the orc
  6107 | D:6      | Identified the +1 leather armour of Altruism {rCorr}
  6366 | D:6      | Noticed a gargoyle
  6375 | D:6      | Noticed Prince Ribbit
  6384 | D:5      | Killed Prince Ribbit
  6385 | D:5      | Reached skill level 10 in Fire Magic
  6598 | D:6      | Killed a gargoyle
  6599 | D:6      | Reached XP level 9. HP: 57/74 MP: 10/12
  6980 | D:6      | Found an ancient bone altar of Kikubaaqudgha.
  7307 | D:6      | Found a staircase to the Ecumenical Temple.
  7313 | Temple   | Entered the Ecumenical Temple
  7402 | Temple   | Became a worshipper of Vehumet
  7584 | D:7      | Reached skill level 5 in Conjurations
  7588 | D:7      | Learned a level 3 spell: Conjure Flame
  7592 | D:7      | Learned a level 3 spell: Inner Flame
  7597 | D:7      | Learned a level 4 spell: Flame Wave
  7659 | D:7      | Found a sacrificial altar of Ru.
  7659 | D:7      | Found a bloodstained altar of Trog.
  7662 | D:7      | Found a basalt altar of Yredelemnul.
  8282 | D:7      | Reached skill level 5 in Spellcasting
  8380 | D:7      | Reached * piety under Vehumet
  8380 | D:7      | Offered knowledge of Shock by Vehumet.
  8611 | D:7      | Found a runed translucent door.
  8614 | D:7      | Found a runed translucent door.
  8636 | D:7      | Found a runed translucent door.
  8636 | D:7      | Noticed a two-headed ogre
  8636 | D:7      | Noticed a two-headed ogre
  8637 | D:7      | Found a runed translucent door.
  8637 | D:7      | Noticed a boulder beetle
  8638 | D:7      | Found a runed translucent door.
  8638 | D:7      | Noticed a manticore
  8694 | D:7      | Noticed Duvessa
  8695 | D:7      | Noticed Dowan
  8751 | D:7      | Killed Duvessa
  8800 | D:7      | Killed Dowan
  9176 | D:8      | Found Mexkio's Demolitions Depot.
  9191 | D:8      | Noticed a two-headed ogre
  9201 | D:8      | Mangled by a two-headed ogre

Illustrated notes

Levels and vault maps discovered:
D:1:      nicolae_arrival_washed_ashore, layout_loops_ring, minmay_tromino_i2
D:2:      layout_basic, serial_shops, shop, minmay_snake_closets, uniq_terence
D:3:      layout_rooms, serial_forest, infiniplex_forest_lined_2,
          infiniplex_forest_end_1, infiniplex_forest_diagonal,
          infiniplex_forest_corner_1, infiniplex_forest_straight_4,
          infiniplex_forest_lined_room_2, infiniplex_forest_clump_C,
          infiniplex_forest_clump_long, infiniplex_forest_straight_2,
          infiniplex_forest_lined_3_way, chequers_garden,
          uniq_crazy_yiuf_cottage, uniq_sigmund, uniq_natasha, uniq_ijyb
D:4:      layout_gridville, lemuel_tele_altar, old_standard_altar
D:5:      layout_gridville
D:6:      layout_rooms, mainiacjoe_overflow_brackets, minmay_temple_entry_fiery,
          serial_co_window_serial, co_window_corner_a, co_window_corner_a,
          co_window_of_opportunity_a, co_window_corner_a, co_window_paths_a,
          co_window_of_opportunity_b, co_window_2corner, co_window_broadway_a,
          co_window_2corner, co_window_2corner, co_window_paths_c,
          co_window_broadway_c, glass_columns_a, uniq_blork_the_orc,
          uniq_prince_ribbit1
D:7:      minmay_the_grid_triangle_9x9_rhombus_full
          [minmay_the_grid_triangle_9x9_tough_junction,
          minmay_the_grid_triangle_9x9_longest,
          minmay_the_grid_triangle_9x9_corruption,
          minmay_the_grid_triangle_9x9_empty,
          minmay_the_grid_triangle_9x9_fully_insulated_deathbox,
          minmay_the_grid_triangle_9x9_empty,
          minmay_the_grid_triangle_9x9_descending_squares,
          minmay_the_grid_triangle_9x9_prize_top_heavy], layout_cave_pools,
          chequers_temple_overflow_statue_of_worship, uniq_duvessa
D:8:      layout_basic, mainiacjoe_overflow_paths,
          chequers_serial_rivers_micro_a, nicolae_blasting_shop
Temple:   jpeg_temple_clearing

Skill      XL: |  1  2  3  4  5  6  7  8  9 |
---------------+----------------------------+-----
Fire Magic     | 3 4 5 6 7 8 10 | 10.0
Conjurations   | 1 4 5 |  5.0
Spellcasting   | 7 |  7.6
Dodging        | |  1.7
Stealth        | |  1.4

Action                   |  1- 3 |  4- 6 |  7- 9 || total
-------------------------+-------+-------+-------++-------
Melee: Unarmed           |     3 |       |       ||     3
       Quarterstaff      |       |       |     2 ||     2
 Cast: Foxfire           |    36 |     6 |     2 ||    44
       Scorch            |    11 |    65 |   165 ||   241
       Conjure Flame     |       |       |     2 ||     2
Armor: Robe              |    17 |    14 |    33 ||    64
Dodge: Dodged            |    18 |    18 |    47 ||    83
